 Dungeon Crawl Stone Soup version 0.32-a0-876-gcfddb08e57 (webtiles) character file.

Game seed: 2228143459383418463

431 Lanoc the Shooter (level 6, -6/48 HPs)
             Began as a Coglin Hunter on Apr 2, 2024.
             Mangled by an ogre
             ... wielding a +0 giant spiked club
              (31 damage)
             ... on level 4 of the Dungeon.
             The game lasted 00:02:54 (2238 turns).

Lanoc the Shooter (Coglin Hunter)                   Turns: 2238, Time: 00:02:54

Health: -6/48      AC:  3    Str: 11    XL:     6   Next: 99%
Magic:  6/6        EV: 12    Int:  9    God:
Gold:   148        SH:  0    Dex: 19    Spells: 5/5 levels left

rFire   . . .        a - +2 sling {Kazuki}
rCold   . . .        d - +0 sling {Hisae}
rNeg    . . .        c - +0 leather armour
rPois   .            (no helmet)
rElec   .            (no cloak)
rCorr   .            (no gloves)
SInv    .            (no boots)
Will    .....        (amulet unavailable)
Stlth   ++           (ring unavailable)
HPRegen 0.28/turn    (ring unavailable)
MPRegen 0.10/turn    (no gizmo)

%: no passive effects
@: revving
A: off-hand wielding, slow wielding, warmup strikes, no jewellery
a: Invent Gizmo


You were on level 4 of the Dungeon.
You visited 1 branch of the dungeon, and saw 4 of its levels.

You collected 148 gold pieces.

Inventory:

Hand Weapons
 a - a +2 sling (weapon) {Kazuki}
 d - a +0 sling (offhand) {Hisae}
Missiles
 g - a throwing net
Armour
 c - a +0 leather armour (worn)
 o - +0 fire dragon scales
Wands
 r - a wand of acid (7)
Scrolls
 b - a scroll of butterflies
 e - 2 scrolls of amnesia {unknown}
 h - 5 scrolls of identify {unknown}
 j - 3 scrolls of poison {unknown}
 l - a scroll of fear {unknown}
 m - a scroll of noise {unknown}
 n - a scroll of immolation {unknown}
 p - a scroll of blinking {unknown}
 s - a scroll of fog {unknown}
Potions
 f - 2 potions of curing {unknown}
 i - a potion of degeneration {unknown}
 k - a potion of lignification {unknown}
 q - a potion of mutation {unknown}


   Skills:
 + Level 3.9 Fighting
 * Level 5.8 Ranged Weapons
 + Level 3.5 Dodging
 - Level 0.7 Stealth


You had 5 spell levels left.
You didn't know any spells.
Your spell library was empty.

Dungeon Overview and Level Annotations

Branches:
Dungeon (4/15)
 Temple: D:4-7

Altars:
Ru


Innate Abilities, Weirdness & Mutations

You can wield a second weapon in your off-hand.
It takes a long time for you to wield or remove held weapons.
Your first few attacks do less damage.
You cannot equip rings or amulets.


Message History

You shoot a sling bullet. The sling bullet hits the endoplasm!
You kill the endoplasm!
The ball python hisses angrily.
You shoot a sling bullet. The sling bullet hits the ball python!
You kill the ball python!
You shoot a sling bullet.
No target in view!
No target in view!
h - 5 scrolls labelled APAT ZOGIDWOSM (gained 1)
Found a stone staircase leading down.
f - 2 fizzy ruby potions (gained 1)
s - a scroll labelled JYSMETE VILE You open the door.
An ogre comes into view. It is wielding a +0 giant spiked club.
The ogre shouts!
You shoot a sling bullet. The sling bullet hits the ogre.
The ogre is moderately wounded.
You shoot a sling bullet. The sling bullet hits the ogre.
The ogre is heavily wounded.
No target in view!
No target in view!
Found a robe.
There is an open door here.
You shoot a sling bullet.
The sling bullet hits the ogre but does no damage.
The ogre is heavily wounded.
You shoot a sling bullet. The sling bullet hits the ogre.
The ogre is heavily wounded.
You shoot a sling bullet. The sling bullet hits the ogre.
The ogre is severely wounded.
You shoot a sling bullet. The sling bullet hits the ogre.
The ogre is severely wounded.
The ogre hits you with a +0 giant spiked club!!
You shoot a sling bullet. The sling bullet hits the ogre.
The ogre is severely wounded.
You shoot a sling bullet. The sling bullet hits the ogre.
The ogre is almost dead.
The ogre hits you with a +0 giant spiked club!!
Ouch! That really hurt!
You die...

....... .......
......[ .......
####### .......
#...... .......
#.....####O......
#>.......@.......
###......###.......
.........# #######
#########.....#
..............#
..............#
..............#
..............#
..............#


You could see an ogre.

Vanquished Creatures
  Sigmund (D:3)
  An ogre (D:3)
  A hound (D:3)
  A sleepcap (D:3)
  5 adders
  A dart slug (D:2)
  3 ribbon worms
  6 orcs
  6 bats
  8 endoplasms
  4 giant cockroaches
  3 goblins
  6 hobgoblins
  3 jackals (D:1)
  6 kobolds
  A quokka (D:2)
  9 ball pythons
  3 frilled lizards
  5 rats
73 creatures vanquished.

Notes
Turn   | Place    | Note
-------+----------+-------------------------------------------
     0 | D:1      | Lanoc the Coglin Hunter began the quest for the Orb.
     0 | D:1      | Reached XP level 1. HP: 16/16 MP: 1/1
    34 | D:1      | Reached XP level 2. HP: 22/22 MP: 2/2
   429 | D:1      | Reached skill level 4 in Ranged Weapons
   718 | D:2      | Reached XP level 3. HP: 25/28 MP: 3/3
   867 | D:2      | Found a sacrificial altar of Ru.
  1019 | D:2      | Reached XP level 4. HP: 34/34 MP: 4/4
  1599 | D:3      | Reached XP level 5. HP: 41/41 MP: 5/5
  1678 | D:3      | Reached skill level 5 in Ranged Weapons
  1835 | D:3      | Noticed Sigmund
  1843 | D:3      | Killed Sigmund
  1844 | D:3      | Reached XP level 6. HP: 48/48 MP: 6/6
  2238 | D:4      | Mangled by an ogre

Illustrated notes

Levels and vault maps discovered:
D:1:      mrwooster_arrival_statue, layout_basic,
          nicolae_kite_square_tiling_tiny
D:2:      layout_loops_ring, basic_altar, serial_park_tiny_1, st_stairs_9
D:3:      layout_basic, serial_bayou_ford_a, corexii_shack,
          hangedman_abyss_or_decor_lesser_grid, uniq_sigmund
D:4:      layout_basic, minmay_temple_entry_junction, uniq_duvessa,
          uniq_eustachio

Skill      XL: |  1  2  3  4  5 |
---------------+----------------+-----
Dodging        | 2 3 |  3.5
Ranged Weapons | 4 5 |  5.8
Fighting       | 3 |  3.9
Stealth        | |  0.7

Action                     |  1- 3 |  4- 6 || total
---------------------------+-------+-------++-------
   Fire: Sling             |   158 |   210 ||   368
 Armour: Leather armour    |    10 |    12 ||    22
  Dodge: Dodged            |    17 |    15 ||    32

Table legend: (Time is in decaauts)
 A = Elapsed time spent in this place.
 B = Non-inter-level travel time spent in this place.
 C = Inter-level travel time spent in this place.
 D = Time resting spent in this place.
 E = Time spent auto-exploring this place.
 F = Levels seen in this place.
 G = Mean time per level.
                   A        B        C        D        E       F      G
               +--------+--------+--------+--------+--------+-----+--------+
         Total |   2283 |   2187 |     96 |     62 |   1759 |   4 |  570.8 |
       Dungeon |   2283 |   2187 |     96 |     62 |   1759 |   4 |  570.8 |
               +--------+--------+--------+--------+--------+-----+--------+

Top non-repeatable levels by time:
     D:1: 828 daAuts
     D:2: 735 daAuts
     D:3: 695 daAuts
     D:4: 24 daAuts
